 Dungeon Crawl Stone Soup version 0.17.0-28-g6e173f8 (webtiles) character file.

530 coffecat the Chopper (level 7, -8/62 HPs)
             Began as a Minotaur Berserker on Nov 28, 2015.
             Was a Believer of Trog.
             Shot with an arrow by a centaur (10 damage)
             ... on level 5 of the Dungeon.
             The game lasted 00:09:13 (1368 turns).

coffecat the Chopper (Minotaur Berserker)           Turns: 1368, Time: 00:09:13

Health: -8/62      AC:  2    Str: 23    XL:     7   Next: 3%
Magic:  6/6        EV: 13    Int:  4    God:    Trog [**....]
Gold:   11         SH:  0    Dex: 10    Spells: 0 memorised, 6 levels left

rFire  . . .     SeeInvis .     a - +0 hand axe
rCold  . . .     Clarity  .     b - +0 animal skin
rNeg   . . .     SustAt   .     (no shield)
rPois  .         Gourm    .     (helmet restricted)
rElec  .         Spirit   .     (no cloak)
rCorr  .         Warding  .     (no gloves)
rMut   .         Stasis   .     (no boots)
MR     .....                    (no amulet)
Stlth  +.........               (no ring)
                                (no ring)

@: exhausted, slowed, very slow, not resistant to hostile enchantments, very
unstealthy
A: retaliatory headbutt, horns 2
a: Berserk, Trog's Hand, Burn Spellbooks, Renounce Religion


You were on level 5 of the Dungeon.
You worshipped Trog.
Trog was pleased with you.
You were very hungry.

You visited 1 branch of the dungeon, and saw 5 of its levels.

You collected 11 gold pieces.

Inventory:

Hand Weapons
 a - a +0 hand axe (weapon)
Missiles
 c - a throwing net (quivered)
Armour
 b - a +0 animal skin (worn)
Scrolls
 d - a scroll of recharging {unknown}
 e - a scroll of amnesia {unknown}
 f - a scroll of identify {unknown}
Comestibles
 g - a royal jelly


   Skills:
 + Level 5.9 Fighting
 + Level 6.4 Axes
 + Level 2.9 Armour
 + Level 5.0 Dodging
 + Level 0.5 Stealth


You had 6 spell levels left.
You didn't know any spells.

Dungeon Overview and Level Annotations

Branches:
Dungeon (5/15)
 Temple: D:4-7

Altars:


Innate Abilities, Weirdness & Mutations

You reflexively headbutt those who attack you in melee.
You have a pair of horns on your head.


Message History

* * * LOW HITPOINT WARNING * * *
You closely miss the ice beast. You headbutt the ice beast.
The ice beast is severely wounded.
The ice beast hits you but does no damage.
The ice beast closely misses you.
You hit the ice beast but do no damage.
The ice beast is severely wounded.
The ice beast barely misses you. You furiously retaliate!
You headbutt the ice beast.
A centaur comes into view.
You hit the ice beast. You headbutt the ice beast.
You kill the ice beast!
Trog accepts your kill.
Your Dodging skill increases to level 5!
You have reached level 7!
The sentinel's mark upon you fades away.
The centaur wields a shortbow.
The centaur shoots an arrow.
The arrow hits you.
* * * LOW HITPOINT WARNING * * *
The centaur wields a shortbow.
The centaur shoots an arrow.
The arrow hits you!
You die...

###))[..............##
#.....#.............#
##...##.#...#.##.##.#
##.###..........# #.#
######..##.# #.#
#.....# #+# #.†.#.##.#
#.†......# ##..@#####
#.#.# ...#cc.
...#####.c. ###. .###
# #


You could see 2 centaurs.

Vanquished Creatures
  An ice beast (D:5)
  A sky beast (D:5)
  A scorpion (D:5)
  3 hounds
  An orc priest (D:4)
  A gnoll shaman (D:5)
  A worker ant (D:5)
  Robin (D:2)
  An adder (D:2)
  6 gnolls (D:5)
  4 orcs (D:4)
  13 goblins
  4 hobgoblins
  2 bats (D:2)
  2 giant newts
42 creatures vanquished.

Notes
Turn   | Place    | Note
--------------------------------------------------------------
     0 | D:1      | coffecat the Minotaur Berserker began the quest for the Orb.
     0 | D:1      | Reached XP level 1. HP: 19/19 MP: 0/0
   188 | D:2      | Noticed Robin
   191 | D:2      | Reached XP level 2. HP: 27/27 MP: 1/1
   192 | D:2      | Reached skill level 4 in Fighting
   200 | D:2      | Killed Robin
   200 | D:2      | Reached XP level 3. HP: 17/33 MP: 2/2
   431 | D:2      | Reached ** piety under Trog
   538 | D:4      | Reached XP level 4. HP: 13/41 MP: 3/3
   541 | D:4      | Reached skill level 5 in Axes
   776 | D:4      | Reached XP level 5. HP: 19/47 MP: 4/4
   964 | D:5      | Entered Level 5 of the Dungeon
   978 | D:5      | Reached skill level 5 in Fighting
   983 | D:5      | Reached XP level 6. HP: 25/56 MP: 5/5
  1338 | D:5      | Noticed a sky beast
  1342 | D:5      | Killed a sky beast
  1342 | D:5      | Reached skill level 6 in Axes
  1359 | D:5      | Noticed an ice beast
  1361 | D:5      | Noticed a centaur
  1368 | D:5      | Noticed a centaur
  1368 | D:5      | Killed an ice beast
  1368 | D:5      | Reached skill level 5 in Dodging
  1368 | D:5      | Reached XP level 7. HP: 8/62 MP: 6/6
  1368 | D:5      | HP: 2/62 [centaur/arrow (6)]
  1368 | D:5      | Shot with an arrow by a centaur

Action                   |  1- 3 |  4- 6 |  7- 9 || total
-------------------------+-------+-------+-------++-------
Melee: Hand axe          |    34 |    44 |       ||    78
Invok: Berserk           |     2 |     2 |       ||     4
       Trog's Hand       |       |     1 |       ||     1
  Eat: Bread ration      |       |     1 |       ||     1
